 Dungeon Crawl Stone Soup version 0.21.0-25-ge575cb9 (webtiles) character file.

198127 Miyamura the Fencer (level 19, 0/149 HPs)
             Began as a Formicid Fighter on Jan 24, 2018.
             Was a High Priest of Cheibriados.
             Slain by Miyamura's illusion (51 damage)
             ... woven by Mara
             ... on level 2 of the Swamp.
             The game lasted 01:17:18 (33740 turns).

Miyamura the Fencer (Formicid Fighter)             Turns: 33740, Time: 01:17:19

Health: 0/149      AC: 22    Str: 43    XL:     19   Next: 60%
Magic:  0/32       EV: 32    Int: 31    God:    Cheibriados [*****.]
Gold:   1532       SH: 25    Dex: 33    Spells: 12/18 levels left

rFire    + . .     SeeInvis +   D - +7 great sword (slice)
rCold    + . .     Gourm    .   S - +1 shield {AC+3}
rNeg     . . .     Faith    .   g - +4 moon troll leather armour {Spirit, Regen++ MP+5}
rPois    +         Spirit   +   (helmet unavailable)
rElec    +         Reflect  +   a - +2 cloak
rCorr    +         Harm     .   L - +0 pair of gloves (curse)
MR       +++..                  v - +1 pair of boots
Stlth    +++.......             Y - +6 amulet of reflection
HPRegen  1.14/turn              U - ring of Pragmatism {+Fly rElec rPois}
MPRegen  0.23/turn              B - ring of Acsur {MR+ Int+4 Dex+4}

@: mighty, agile, resistant, very slow
A: permanent stasis, dig shafts and tunnels, four strong arms, antennae 3,
repulsion field 1, icy blue scales 1, magic resistance 1
a: Dig, Shaft Self, Bend Time, Temporal Distortion, Slouch, Step From Time,
Renounce Religion, Evoke Flight


You were on level 2 of the Swamp.
You worshipped Cheibriados.
Cheibriados was extremely pleased with you.
You were not hungry.

You visited 6 branches of the dungeon, and saw 31 of its levels.
You also visited: Sewer, Ossuary, Bailey and Ice Cave.

You collected 3309 gold pieces.
You spent 1777 gold pieces at shops.

Inventory:

Hand Weapons
 D - a +7 great sword of slicing (weapon)
 F - a +3 great sword of freezing
 O - a +2 quarterstaff of protection
 X - a +0 arbalest
Missiles
 o - 421 bolts
Armour
 a - a +2 cloak (worn)
 d - a +1 shield of positive energy
 g - the +4 moon troll leather armour (worn) {Spirit, Regen++ MP+5}
   (You found it on level 4 of the Dungeon)

   It affects your magic capacity (+5).
   It increases your rate of regeneration.
 v - a +1 pair of boots (worn)
 L - a cursed +0 pair of gloves (worn)
 S - a +1 shield of protection (worn)
Jewellery
 s - an uncursed ring of resist corrosion
 B - the ring of Acsur (right hand) {MR+ Int+4 Dex+4}
   (You found it on level 9 of the Dungeon)

   [ring of protection from magic]

   It affects your intelligence (+4).
   It affects your dexterity (+4).
   It affects your resistance to hostile enchantments.
 Q - an uncursed ring of protection from cold
 R - an uncursed ring of protection from fire
 U - the ring of Pragmatism (left hand) {+Fly rElec rPois}
   (You found it in an ice cave)

   [ring of poison resistance]

   It insulates you from electricity.
   It protects you from poison.
   It lets you fly.
 Y - a +6 amulet of reflection (around neck)
Wands
 c - a wand of polymorph (44)
 j - a wand of iceblast (32)
 p - a wand of digging (46)
 r - a wand of scattershot (6)
 K - a wand of paralysis (6)
 T - a wand of acid (8)
 Z - a wand of disintegration (11)
Scrolls
 b - 3 scrolls of vulnerability
 e - a scroll of torment
 l - 6 scrolls of fog
 u - 8 scrolls of remove curse
 w - a scroll of summoning
 x - 3 scrolls of immolation
 y - a scroll of magic mapping
 C - 5 scrolls of fear
 E - 4 scrolls of amnesia
Potions
 h - 5 potions of lignification
 i - a potion of magic
 k - 10 potions of flight
 m - 14 potions of curing
 n - 4 potions of cancellation
 q - 2 potions of brilliance
 t - 7 potions of mutation
 z - 3 potions of heal wounds
 A - 2 potions of resistance
 H - a potion of ambrosia
 I - 2 potions of might
 V - 2 potions of invisibility
Books
 G - the Volume of Boosts and the Rocks
   (You found it on level 1 of the Snake Pit)

   Spells                             Type                      Level
   a - Infusion                       Charms                       1
   b - Sandblast                      Earth                        1
   c - Song of Slaying                Charms                       2
   d - Petrify                        Transmutation/Earth          4
   e - Borgnjor's Vile Clutch         Necromancy/Earth             5
   f - Ring of Flames                 Charms/Fire                  7
 M - a book of Changes

   Spells                             Type                      Level
   a - Beastly Appendage              Transmutation                1
   b - Sticks to Snakes               Transmutation                2
   c - Spider Form                    Transmutation/Poison         3
   d - Ice Form                       Ice/Transmutation            4
   e - Blade Hands                    Transmutation                5
 N - the Grimoire of the Volcanoes
   (You found it on level 3 of the Swamp)

   Spells                             Type                      Level
   a - Conjure Flame                  Conjuration/Fire             3
   b - Sticky Flame                   Conjuration/Fire             4
   c - Fireball                       Conjuration/Fire             5
   d - Ignition                       Fire                         8
 W - the Disquisition on Destructive Stolen Souls
   (You found it on level 1 of the Swamp)

   Spells                             Type                      Level
   a - Sublimation of Blood           Necromancy                   2
   b - Regeneration                   Charms/Necromancy            3
   c - Excruciating Wounds            Charms/Necromancy            5
   d - Venom Bolt                     Conjuration/Poison           5
   e - Bolt of Magma                  Conjuration/Fire/Earth       5
Comestibles
 f - 46 rations
 P - 6 chunks of flesh


   Skills:
 - Level 13.2 Fighting
 * Level 20.6 Long Blades
 - Level 3.7 Staves
 - Level 9.0 Crossbows
 - Level 9.8 Armour
 - Level 10.9 Dodging
 - Level 14.2 Shields
 - Level 11.1 Invocations


You had 12 spell levels left.
You knew the following spells:

 Your Spells              Type           Power        Failure   Level  Hunger
s - Statue Form           Tmut/Erth      #........    100%        6    #######


Dungeon Overview and Level Annotations

Branches:
Dungeon (15/15)            Temple (1/1) D:6            Lair (6/6) D:11
  Swamp (3/4) Lair:4        Snake (4/4) Lair:2        Slime (0/5) Lair:5
    Orc (2/2) D:10            Elf (0/3) Orc:2        Vaults (0/5) D:14
 Depths (0/5) D:15

Altars:
Ashenzari
Cheibriados
Dithmenos
Elyvilon
Fedhas
Gozag
Hepliaklqana
Kikubaaqudgha
Makhleb
Nemelex Xobeh
Okawaru
Qazlal
Ru
Sif Muna
Trog
Uskayaw
Vehumet
Wu Jian
Xom
Yredelemnul
Zin
The Shining One
Beogh
Jiyva

Shops:
D:7 *   D:10 (   D:12 **[   Orc:1 ![:   Orc:2 =!([   Snake:1 =}}

Annotations:
D:5 exclusion: oklob plant
Swamp:2 Mara
Snake:4 Vashnia


Innate Abilities, Weirdness & Mutations

You cannot be hasted, slowed, berserked, paralysed or teleported.
You can dig through walls and to a lower floor.
Your four strong arms can wield two-handed weapons with a shield.
You have a pair of large antennae on your head. (SInv)
You are surrounded by a mild repulsion field. (EV +2)
You are partially covered in icy blue scales. (AC +2)
You are resistant to hostile enchantments. (MR+)


Message History

Mara blinks!
You block Mara's attack.
You slash Mara!
Mara is severely wounded.
Miyamura's illusion hits you!!!
Mara growls.
Mara barely misses you.
You riposte.
You slice Mara!!
Mara is almost dead.
You closely miss Mara.
Mara is almost dead.
Miyamura's illusion hits you but does no damage.
Mara hits you with a vampiric demon blade!
* * * LOW MAGIC WARNING * * *
You slash Mara!
Mara is almost dead.
Mara blinks!
You hit Mara.
Mara is almost dead.
Miyamura's illusion hits you!!!
* * * LOW MAGIC WARNING * * *
You die...

≈♣.≈♣ ♣...≈♣....♣♣ ♣...♣≈≈..(.≈
≈≈..♣♣ ♣...≈♣.≈≈..♣♣ ♣.≈.♣♣.♣♣..≈
.≈.♣.♣♣♣..≈≈♣..♣...♣♣♣.≈.♣♣♣♣♣♣.≈
.........♣♣.♣♣.....♣♣...♣♣ ♣≈≈
♣.≈≈≈≈≈≈♣♣♣.♣♣...≈.§♣..♣♣ ♣.≈
♣.≈≈≈♣≈≈♣ ♣.♣♣♣...≈R...♣ ♣.≈
♣.≈..≈≈§♣♣♣.♣ ♣..≈≈≈≈.≈♣ ♣.≈
♣....≈≈≈≈≈♣≈♣ ♣.§R≈≈≈≈♣♣ ♣.≈
♣♣...≈.≈≈.[≈♣♣♣♣@@≈≈§♣♣ ♣.≈
♣...≈≈≈≈≈≈≈..♣♣≈.R.≈.♣ ♣..
....≈....≈.≈.♣♣♣♣.≈≈♣♣ ♣.♣
≈.≈≈≈≈≈≈≈≈≈≈..♣ ♣.♣♣.♣ ♣.≈
≈.≈≈≈.≈≈≈♣...♣♣♣♣...♣♣ ♣..
..≈♣....≈≈.≈..♣♣...♣♣ ♣♣..
≈.≈..♣≈≈≈≈>≈≈≈≈≈.≈.♣♣ ♣...
.≈≈♣.≈≈≈≈≈≈≈≈≈§≈≈≈≈.♣ ♣♣.§
♣.♣♣♣.≈........≈...♣♣ ♣..


You could see 3 Maras and Miyamura's illusion.

Vanquished Creatures
  Bai Suzhen (Swamp:2)
  Saint Roka (Orc:2)
  Asterion (Snake:4)
  Frances (D:14)
  A thorn hunter (Swamp:1)
  4 nagarajas
  A frost giant (IceCv)
  2 orc warlords (Orc:2)
  The ghost of Mgcat the Severer, a journeyman MiFi of Okawaru (Lair:4)
  A dire elephant (D:15)
  The ghost of AdmiralAndromeda the Slicer, a journeyman KoBe of Trog (D:13)
  Fannar (D:10)
  Josephine (Lair:5)
  13 hydras
  7 centaur warriors
  A vault guard (D:14)
  8 naga warriors
  11 anacondas
  8 alligators
  Erica (Lair:2)
  11 two-headed ogres
  7 death yaks
  5 orc high priests (Orc:2)
  7 shock serpents
  12 naga sharpshooters
  A tengu warrior (D:13)
  Nergalle (Lair:4)
  Sonja (Lair:1)
  A deep elf knight (D:14)
  A fire crab (Lair:4)
  5 salamander mystics
  A spriggan druid (Swamp:2)
  2 swamp dragons
  2 unseen horrors
  A wizard (D:14)
  9 naga ritualists
  Pikel (D:8)
  3 shambling mangroves
  14 mana vipers
  A deep elf mage (D:15)
  A necromancer (D:14)
  4 orc knights
  3 ugly things
  6 orc sorcerers
  16 salamanders
  A manticore (D:15)
  A cyclops (D:13)
  29 black mambas
  4 elephants (Lair:6)
  2 guardian serpents
  15 naga magi
  An ice statue (IceCv)
  Joseph (D:10)
  Maurice (D:10)
  31 spiny frogs
  Psyche (D:9)
  8 komodo dragons
  A rime drake (Lair:3)
  A yaktaur (D:14)
  5 trolls
  13 tyrant leeches
  7 hornets
  Prince Ribbit (D:8)
  16 polar bears
  3 bog bodies
  17 slime creatures
  5 hippogriffs
  39 blink frogs
  2 water elementals (D:15)
  58 yaks
  8 wraiths
  2 shadows
  3 wyverns
  A basilisk (Lair:4)
  A fire elemental (Lair:4)
  2 fire bats (Lair:4)
  2 hungry ghosts (D:12)
  20 humans (D:14)
  A steam dragon (Lair:4)
  32 vampire mosquitoes
  12 swamp worms
  3 wargs (Orc:2)
  An acid dragon (D:11)
  59 nagas
  12 water moccasins
  A hell hound (Lair:4)
  8 porcupines
  3 swamp drakes
  55 orc warriors
  A black bear (D:13)
  A hornet zombie (D:14)
  13 ice beasts
  2 sky beasts (D:8)
  3 eyes of draining
  12 wolves (IceCv)
  A necrophage (D:11)
  20 ogres
  3 phantoms
  18 centaurs
  9 crocodiles
  2 big kobolds
  27 bullfrogs
  A water moccasin zombie (Ossuary)
  A wyvern skeleton (D:13)
  5 scorpions
  3 electric eels
  18 wights
  A howler monkey (D:6)
  4 lava snakes (D:14)
  8 crimson imps
  3 centaur skeletons
  2 quasits
  7 bullfrog zombies
  9 centaur zombies
  7 hounds
  A jelly (D:13)
  24 orc wizards
  32 orc priests
  A bullfrog skeleton (D:9)
  5 iguanas
  8 worker ants
  A killer bee zombie (D:9)
  A hound zombie (Ossuary)
  A hound skeleton (D:6)
  13 mummies (Ossuary)
  2 howler monkey zombies
  3 worker ant zombies (Ossuary)
  Robin (D:2)
  11 gnolls
  3 river rats
  11 adders
  4 shadow imps
  3 oozes
  5 adder zombies (Ossuary)
  2 adder skeletons
  2 worms
  3 dart slugs
  2 leopard geckos
  128 orcs
  6 giant cockroaches
  15 goblins
  18 hobgoblins
  11 jackals
  4 quokkas
  2 ball pythons
  5 bats
  2 frilled lizards
  2 giant cockroach zombies (Ossuary)
  14 kobolds
  A leopard gecko zombie (D:8)
  A quokka skeleton (D:9)
  6 rats
1206 creatures vanquished.

Vanquished Creatures (collateral kills)
  A bullfrog (D:8)
  2 orcs (D:8)
3 creatures vanquished.

Vanquished Creatures (others)
  4 polar bears (IceCv)
  A troll (D:11)
  A spriggan (D:11)
  2 yaks (IceCv)
  A hungry ghost (D:8)
  A naga (Snake:3)
  A slave (D:8)
  An orc warrior (Orc:1)
  2 wolves (IceCv)
  An ogre (Orc:2)
  An orc wizard (D:14)
  An adder (D:8)
  6 orcs
  20 fungi
  32 plants
  12 toadstools (D:5)
  A withered plant (Ossuary)
88 creatures vanquished.

Grand Total: 1297 creatures vanquished

Notes
Turn   | Place    | Note
-------+----------+-------------------------------------------
     0 | D:1      | Miyamura the Formicid Fighter began the quest for the Orb.
     0 | D:1      | Reached XP level 1. HP: 18/18 MP: 1/1
    81 | D:1      | Reached XP level 2. HP: 22/24 MP: 2/2
   217 | D:1      | Reached XP level 3. HP: 26/29 MP: 3/3
   654 | D:2      | Noticed Robin
   829 | D:1      | Reached skill level 1 in Dodging
  1209 | D:2      | Killed Robin
  1209 | D:2      | Reached XP level 4. HP: 35/37 MP: 4/4
  1716 | D:2      | Found an opulent altar of Gozag.
  2361 | D:3      | Reached XP level 5. HP: 42/42 MP: 5/5
  3191 | D:4      | Reached skill level 3 in Long Blades
  3272 | D:4      | Reached XP level 6. HP: 32/48 MP: 6/6
  3286 | D:4      | Found a glowing drain.
  3293 | Sewer    | Entered a sewer
  3569 | Sewer    | Found a white marble altar of Elyvilon.
  3881 | D:4      | Reached skill level 5 in Shields
  3932 | D:4      | Noticed a phantom
  3991 | D:4      | Killed a phantom
  3991 | D:4      | Reached XP level 7. HP: 36/55 MP: 7/7
  4187 | D:4      | Got a flickering graven amulet
  4261 | D:4      | Found the +4 moon troll leather armour {Spirit, Regen++ MP+5}
  4287 | D:4      | Identified the amulet of Secrets {Harm *Drain rN++ Str-4 Int+5} (You found it on level 4 of the Dungeon)
  4592 | D:4      | Found a shadowy altar of Dithmenos.
  4592 | D:4      | Found a burning altar of Makhleb.
  4741 | D:5      | Entered Level 5 of the Dungeon
  4783 | D:5      | Found a glowing golden altar of the Shining One.
  4783 | D:5      | Found a white marble altar of Elyvilon.
  4783 | D:5      | Found a glowing silver altar of Zin.
  4860 | D:5      | Reached skill level 5 in Fighting
  4860 | D:5      | Reached skill level 4 in Long Blades
  4860 | D:5      | Reached skill level 5 in Armour
  5122 | D:5      | Reached XP level 8. HP: 49/62 MP: 8/8
  5549 | D:5      | Found a blossoming altar of Fedhas.
  5562 | D:5      | Noticed an oklob plant
  6275 | D:6      | Found a staircase to the Ecumenical Temple.
  6479 | Temple   | Entered the Ecumenical Temple
  7055 | D:7      | Found Sustra's General Store.
  7071 | D:7      | Bought a wand of paralysis (15) for 204 gold pieces
  7071 | D:7      | Bought a scroll of remove curse for 36 gold pieces
  7071 | D:7      | Bought a scroll of identify for 24 gold pieces
  7071 | D:7      | Bought a scroll of remove curse for 36 gold pieces
  7192 | D:7      | Reached skill level 5 in Long Blades
  7192 | D:7      | Reached XP level 9. HP: 69/69 MP: 9/9
  7694 | D:8      | Noticed Prince Ribbit
  7800 | D:8      | Killed Prince Ribbit
  7819 | D:8      | Noticed Pikel
  7854 | D:8      | Killed Pikel
  7988 | D:8      | Reached skill level 5 in Dodging
  8043 | D:8      | Noticed a two-headed ogre
  8060 | D:8      | Killed a two-headed ogre
  8060 | D:8      | Reached skill level 6 in Long Blades
  8060 | D:8      | Reached XP level 10. HP: 49/79 MP: 10/10
  8114 | D:8      | Found a blossoming altar of Fedhas.
  8118 | D:8      | Found a sand-covered staircase.
  8127 | Ossuary  | Entered an ossuary
  8600 | D:8      | Found a snail-covered altar of Cheibriados.
  8600 | D:8      | Found a sacrificial altar of Ru.
  8601 | D:8      | Found a radiant altar of Vehumet.
  8684 | D:8      | Became a worshipper of Cheibriados the Contemplative
  8869 | D:8      | Noticed a two-headed ogre
  8894 | D:8      | Reached skill level 1 in Invocations
  8938 | D:8      | Killed a two-headed ogre
  8938 | D:8      | Reached skill level 7 in Long Blades
  8959 | D:8      | Noticed a two-headed ogre
  8992 | D:8      | Killed a two-headed ogre
  8992 | D:8      | Reached XP level 11. HP: 73/86 MP: 13/13
  9149 | D:8      | Reached * piety under Cheibriados
  9181 | D:8      | Noticed a two-headed ogre
  9191 | D:8      | Killed a two-headed ogre
  9303 | D:8      | Noticed a two-headed ogre
  9327 | D:8      | Killed a two-headed ogre
 10130 | D:8      | Found an iron altar of Okawaru.
 10131 | D:8      | Found a stormy altar of Qazlal.
 10275 | D:9      | Got a steaming bone ring
 10279 | D:9      | Identified the ring of Acsur {MR+ Int+4 Dex+4} (You found it on level 9 of the Dungeon)
 10413 | D:9      | Found a shimmering altar of Xom.
 10517 | D:9      | Noticed a two-headed ogre
 10532 | D:9      | Killed a two-headed ogre
 10532 | D:9      | Reached ** piety under Cheibriados
 10546 | D:9      | Noticed Psyche
 10560 | D:9      | Killed Psyche
 10704 | D:9      | Reached skill level 5 in Invocations
 10709 | D:9      | Reached skill level 8 in Long Blades
 10709 | D:9      | Reached skill level 10 in Shields
 10954 | D:10     | Entered Level 10 of the Dungeon
 10954 | D:10     | Noticed Fannar
 10967 | D:10     | Killed Fannar
 11030 | D:10     | Reached XP level 12. HP: 95/95 MP: 16/16
 11132 | D:10     | Reached skill level 1 in Staves
 11267 | D:10     | Noticed Joseph
 11269 | D:10     | Found Gasa's Antique Weapon Emporium.
 11304 | D:10     | Reached *** piety under Cheibriados
 11337 | D:10     | Killed Joseph
 11415 | D:10     | Bought a hand crossbow for 101 gold pieces
 11660 | D:10     | Found a staircase to the Orcish Mines.
 11736 | D:10     | Reached **** piety under Cheibriados
 11905 | D:10     | Noticed Maurice
 11915 | D:10     | Reached skill level 1 in Crossbows
 11933 | D:10     | Killed Maurice
 12214 | D:11     | Noticed an unseen horror
 12416 | D:11     | Noticed a two-headed ogre
 12432 | D:10     | Killed a two-headed ogre
 12511 | D:11     | Killed an unseen horror
 12511 | D:11     | Reached skill level 10 in Fighting
 12543 | D:11     | Found a flagged portal.
 12554 | D:11     | Reached ***** piety under Cheibriados
 12567 | Bailey   | Entered a bailey
 12604 | Bailey   | Gained mutation: You are surrounded by a mild repulsion field. (EV +2) [potion of mutation]
 12604 | Bailey   | Gained mutation: You are dopey. (Int -2) [potion of mutation]
 12604 | Bailey   | Gained mutation: You are resistant to hostile enchantments. (MR+) [potion of mutation]
 12715 | Bailey   | Identified a scroll of acquirement
 12716 | Bailey   | Got a faintly glowing double sword
 12717 | Bailey   | Identified the +1 double sword "Dragonslayer" {distort, *Corrode rPois Int+2 Dex+3} (You acquired it in a bailey)
 12940 | D:11     | Found a staircase to the Lair.
 13176 | D:11     | Reached XP level 13. HP: 103/103 MP: 18/18
 13211 | Orc:1    | Entered Level 1 of the Orcish Mines
 13325 | Orc:1    | Found Mecoxt's Armour Shoppe.
 13388 | Orc:1    | Found Jeerim's Book Shop.
 13633 | Orc:1    | Found Etohuopn's Distillery.
 13644 | Orc:1    | Bought a potion of curing for 39 gold pieces
 13644 | Orc:1    | Bought a potion of agility for 52 gold pieces
 13644 | Orc:1    | Bought a potion of resistance for 130 gold pieces
 13644 | Orc:1    | Bought a potion of might for 52 gold pieces
 13644 | Orc:1    | Bought a potion of might for 52 gold pieces
 13644 | Orc:1    | Bought a potion of heal wounds for 65 gold pieces
 13644 | Orc:1    | Bought a potion of curing for 39 gold pieces
 13736 | Orc:2    | Entered Level 2 of the Orcish Mines
 13736 | Orc:2    | Noticed Saint Roka
 14127 | Orc:1    | Lost mutation: You are dopey. (Int -2) [potion of mutation]
 14127 | Orc:1    | Lost mutation: You are resistant to hostile enchantments. (MR+) [potion of mutation]
 14127 | Orc:1    | Gained mutation: You are partially covered in icy blue scales. (AC +2) [potion of mutation]
 14127 | Orc:1    | Gained mutation: You are resistant to hostile enchantments. (MR+) [potion of mutation]
 14385 | Lair:1   | Entered Level 1 of the Lair of Beasts
 14385 | Lair:1   | Noticed an eight-headed hydra
 14452 | D:12     | Found Iwkot's General Store.
 14466 | D:12     | Bought a scroll of identify for 36 gold pieces
 14536 | D:12     | Noticed a six-headed hydra
 14548 | D:12     | Killed a six-headed hydra
 14548 | D:12     | Reached skill level 9 in Long Blades
 14618 | D:12     | Reached ****** piety under Cheibriados
 14718 | D:12     | Found Deckio's General Store.
 14721 | D:12     | Bought a scroll of fear for 49 gold pieces
 14728 | D:12     | Found Mov Maom's Antique Armour Boutique.
 14731 | D:12     | Bought an embroidered cloak for 277 gold pieces
 14791 | D:12     | Bought a pair of boots for 166 gold pieces
 15475 | D:13     | Noticed a centaur warrior
 15476 | D:13     | Noticed a centaur warrior
 15482 | D:13     | Killed a centaur warrior
 15486 | D:13     | Killed a centaur warrior
 15526 | D:13     | Noticed AdmiralAndromeda's ghost (journeyman KoBe)
 15528 | D:13     | Noticed a centaur warrior
 15543 | D:12     | Killed a centaur warrior
 15729 | D:13     | Killed AdmiralAndromeda's ghost
 15822 | D:13     | Reached skill level 5 in Crossbows
 15995 | D:13     | Noticed a centaur warrior
 16028 | D:13     | Killed a centaur warrior
 16100 | D:13     | Reached XP level 14. HP: 113/113 MP: 20/20
 16567 | D:14     | Found a frozen archway.
 16603 | IceCv    | Entered an ice cave
 17001 | IceCv    | Reached skill level 10 in Long Blades
 17089 | IceCv    | Noticed a frost giant
 17106 | IceCv    | Killed a frost giant
 17169 | IceCv    | Got a shimmering platinum ring
 17171 | IceCv    | Identified the ring of Pragmatism {+Fly rElec rPois} (You found it in an ice cave)
 17273 | D:14     | Noticed Frances
 17282 | D:14     | Killed Frances
 17668 | D:14     | Reached skill level 10 in Invocations
 17697 | D:14     | Found a gate to the Vaults.
 17711 | D:14     | Reached XP level 15. HP: 78/120 MP: 19/22
 18543 | D:15     | Entered Level 15 of the Dungeon
 19128 | D:15     | Reached skill level 10 in Dodging
 19192 | D:15     | Found a staircase to the Depths.
 19654 | Orc:2    | Killed Saint Roka
 19829 | Orc:2    | Found Zyvyll's Antique Armour Emporium.
 19868 | Orc:2    | Found Ilybeuh's Antique Weapon Shoppe.
 19985 | Orc:2    | Found a roughly hewn altar of Beogh.
 19989 | Orc:2    | Reached skill level 11 in Long Blades
 20295 | Orc:2    | Noticed an orc warlord
 20305 | Orc:2    | Killed an orc warlord
 20639 | Orc:2    | Got a bloodstained morningstar {venom}
 20640 | Orc:2    | Identified the +5 morningstar "Bistragh" {venom, rPois Dex+7} (You took it off an orc priest on level 2 of the Orcish Mines)
 20828 | Orc:2    | Found a staircase to the Elven Halls.
 20872 | Orc:2    | Noticed an orc warlord
 20900 | Orc:2    | Killed an orc warlord
 20906 | Orc:2    | Found a roughly hewn altar of Beogh.
 20995 | Orc:2    | Found Opsuo's Jewellery Shoppe.
 21021 | Orc:2    | Bought a cursed ring of loudness for 49 gold pieces
 21060 | Orc:2    | Reached XP level 16. HP: 129/129 MP: 24/24
 21134 | Orc:2    | Found Loet's Distillery.
 21215 | Orc:2    | Bought a potion of heal wounds for 85 gold pieces
 21215 | Orc:2    | Bought a potion of curing for 51 gold pieces
 21215 | Orc:2    | Bought a potion of heal wounds for 85 gold pieces
 21215 | Orc:2    | Bought a potion of curing for 51 gold pieces
 21215 | Orc:2    | Bought a potion of agility for 68 gold pieces
 21736 | Lair:1   | Learned a level 6 spell: Statue Form
 21763 | Lair:1   | Noticed Sonja
 21770 | Lair:1   | Killed Sonja
 22628 | Lair:1   | Found the +7 Kryia's mail coat {PotionHeal*2 rC+}
 23134 | Lair:2   | Noticed Erica
 23143 | Lair:2   | Killed Erica
 23417 | Lair:2   | Found a staircase to the Snake Pit.
 24189 | Lair:3   | Reached skill level 12 in Long Blades
 24290 | Lair:4   | Found a transporter.
 24295 | Lair:4   | Found a staircase to the Swamp.
 24296 | Lair:4   | Noticed Mgcat's ghost (journeyman MiFi)
 24321 | Lair:4   | Killed Mgcat's ghost
 24381 | Lair:4   | Noticed Nergalle
 24387 | Lair:4   | Killed Nergalle
 24975 | Lair:4   | Found a transporter.
 25222 | Lair:5   | Noticed Josephine
 25243 | Lair:5   | Reached skill level 13 in Long Blades
 25311 | Lair:5   | Found a staircase to the Slime Pits.
 25312 | Lair:5   | Found a viscous altar of Jiyva.
 25421 | Lair:5   | Killed Josephine
 25800 | Lair:6   | Entered Level 6 of the Lair of Beasts
 25951 | Lair:6   | Reached XP level 17. HP: 123/137 MP: 25/25
 26040 | Lair:6   | Reached skill level 14 in Long Blades
 26554 | Lair:6   | Identified the Handbook of the Thirsty Emperors
 26959 | Lair:6   | Reached skill level 15 in Long Blades
 27171 | Lair:6   | Got a crude great mace
 27172 | Lair:6   | Identified the +4 great mace of the Valley of Death {drain, rPois Str+3} (You found it on level 6 of the Lair of Beasts)
 27373 | Snake:1  | Entered Level 1 of the Snake Pit
 27730 | Snake:1  | Found Cuaqaon's Gadget Boutique.
 27755 | Snake:1  | Found Cegymezonn's Gadget Boutique.
 28225 | Snake:1  | Found Gaidebiv's Jewellery Emporium.
 28234 | Snake:1  | Bought a cursed amulet of inaccuracy for 30 gold pieces
 28532 | Snake:1  | Reached skill level 16 in Long Blades
 28792 | Snake:1  | Identified the Volume of Boosts and the Rocks
 28797 | Snake:1  | Got a jewelled long sword {freeze}
 28799 | Snake:1  | Identified the +1 long sword of Bodily Harmony {freeze, Str+3} (You took it off a salamander mystic on level 1 of the Snake Pit)
 29168 | Snake:2  | Reached XP level 18. HP: 136/143 MP: 26/26
 29198 | Snake:2  | Reached skill level 17 in Long Blades
 30080 | Snake:3  | Reached skill level 18 in Long Blades
 31097 | Snake:4  | Entered Level 4 of the Snake Pit
 31378 | Snake:4  | Reached skill level 19 in Long Blades
 31669 | Snake:4  | Noticed Asterion
 31682 | Snake:4  | Killed Asterion
 31682 | Snake:4  | Reached XP level 19. HP: 119/149 MP: 25/27
 31707 | Snake:4  | Noticed Vashnia
 31870 | Swamp:1  | Entered Level 1 of the Swamp
 32466 | Swamp:1  | Identified the Disquisition on Destructive Stolen Souls
 32686 | Swamp:2  | Reached skill level 20 in Long Blades
 33355 | Swamp:3  | Noticed Bai Suzhen
 33362 | Swamp:3  | Noticed Mara
 33363 | Swamp:3  | Noticed Miyamura's illusion
 33372 | Swamp:3  | Identified the Grimoire of the Volcanoes
 33449 | Swamp:2  | Killed Bai Suzhen
 33593 | Swamp:3  | Noticed Miyamura's illusion
 33727 | Swamp:2  | Noticed Miyamura's illusion
 33740 | Swamp:2  | Slain by Miyamura's illusion

Skill      XL: |  1  2  3  4  5  6  7  8  9 10 11 12 13 14 15 16 17 18 19 |
---------------+----------------------------------------------------------+-----
Shields        | 4 5 6 8 9 10 11 12 13 14 | 14.2
Dodging        | 1 2 3 4 5 6 7 8 9 10 | 10.9
Fighting       | 4 5 6 7 8 9 10 11 12 13 | 13.2
Armour         | 4 5 6 7 8 9 |  9.8
Long Blades    | 3 4 5 6 7 8 9 10 11 13 16 19 20 | 20.6
Invocations    | 2 5 7 8 10 11 | 11.1
Staves         | 3 |  3.7
Crossbows      | 2 5 6 8 9 |  9.0

Action                   |  1- 3 |  4- 6 |  7- 9 | 10-12 | 13-15 | 16-18 | 19-21 || total
-------------------------+-------+-------+-------+-------+-------+-------+-------++-------
Melee: Long sword        |    91 |   300 |   377 |   974 |    43 |       |       ||  1785
       Double sword      |       |       |       |    44 |    99 |       |       ||   143
       Quarterstaff      |       |       |       |    36 |    13 |    18 |       ||    67
       Great sword       |       |       |       |       |   786 |  1168 |   332 ||  2286
 Fire: Shortbow          |       |       |       |    10 |       |       |       ||    10
       Hand crossbow     |       |       |       |       |    14 |       |       ||    14
       Arbalest          |       |       |       |       |     8 |    12 |     4 ||    24
Invok: Slouch            |       |       |       |     1 |     3 |     4 |     3 ||    11
       Bend Time         |       |       |       |       |     1 |       |       ||     1
       Temporal Distorti |       |       |       |       |       |     1 |     3 ||     4
       Step From Time    |       |       |       |       |       |       |     2 ||     2
 Abil: Dig               |       |       |     1 |     6 |     1 |    10 |       ||    18
Evoke: Wand              |       |       |     3 |    16 |     5 |       |     1 ||    25
  Use: Scroll            |       |     9 |     5 |    15 |     6 |     8 |     7 ||    50
       Potion            |       |       |     1 |    11 |     7 |     1 |     8 ||    28
 Stab: Paralysed         |       |       |    18 |    31 |     3 |       |       ||    52
       Distracted        |       |       |       |     2 |     1 |     3 |       ||     6
       Sleeping          |       |       |       |     2 |    14 |     7 |     2 ||    25
  Eat: Chunk             |     1 |    10 |     7 |    12 |    16 |    20 |     3 ||    69
       Ration            |       |       |     2 |       |     1 |     1 |     1 ||     5
Armor: Scale mail        |    42 |   135 |     2 |       |       |       |       ||   179
       Troll leather arm |       |       |   132 |   221 |   221 |   243 |    53 ||   870
       Skin              |       |       |       |     4 |       |       |       ||     4
Dodge: Dodged            |    44 |   104 |   207 |   613 |   780 |  1098 |   200 ||  3046
Block: Shield            |    63 |   153 |   244 |   763 |  1051 |  1301 |   347 ||  3922
       Reflection        |       |       |       |       |       |       |     1 ||     1
       Rpst.: Long sword |    16 |    28 |    61 |   148 |     9 |       |       ||   262
       Double sword      |       |       |       |     4 |    26 |       |       ||    30
       Great sword       |       |       |       |       |   159 |   219 |    34 ||   412
